 Dungeon Crawl Stone Soup version 0.18.1-48-g4cf74bf (webtiles) character file.

467 Heedrag the Conjurer (level 6, 0/48 HPs)
             Began as a Deep Elf Conjurer on Aug 1, 2016.
             Succumbed to a spriggan's poison
             ... on level 5 of the Dungeon.
             The game lasted 00:07:49 (3094 turns).

Heedrag the Conjurer (Deep Elf Conjurer)            Turns: 3094, Time: 00:07:49

Health: 0/48       AC: 23    Str:  4 (7)  XL:     6   Next: 81%
Magic:  1/16       EV:  2    Int: 17 (20) God:
Gold:   158        SH:  0    Dex: 13 (15) Spells: 4 memorised, 3 levels left

rFire  . . .     SeeInvis .     d - -3 club (curse)
rCold  . . .     Gourm    .     (armour currently unavailable)
rNeg   + + +     Faith    .     (no shield)
rPois  +         Spirit   .     (helmet currently unavailable)
rElec  .         Dismiss  .     (cloak currently unavailable)
rCorr  .         Reflect  .     (gloves currently unavailable)
SustAt .         Harm     .     (boots currently unavailable)
MR     .....     NoTele   +     (no amulet)
Stlth  +++.......               (no ring)
                                (no ring)

@: lethally poisoned (0 -> -7), tree-form, invisible, not resistant to hostile
enchantments, fairly stealthy
A: no striking features
a: no special abilities


You were on level 5 of the Dungeon.
You were not hungry.
You were a tree.
You visited 1 branch of the dungeon, and saw 5 of its levels.

You collected 158 gold pieces.

Inventory:

Hand Weapons
 d - a cursed -3 club (weapon)
 m - a +0 dagger
 s - a +3 quarterstaff of chaos
 y - a cursed -1 dagger
Armour
 a - a +0 robe (melded)
 t - a +2 cloak of magic resistance (melded)
 A - the +1 pair of gloves of Monotheism (melded) {Int+4}
   (You found it on level 4 of the Dungeon)

   It affects your intelligence (+4).
Jewellery
 x - an uncursed ring of protection from fire {unknown}
Wands
 v - a wand of slowing (29/48)
Scrolls
 f - 3 scrolls of identify
 g - 2 scrolls of remove curse {unknown}
 j - 5 scrolls of teleportation {unknown}
 l - 2 scrolls of random uselessness {unknown}
 n - a scroll of immolation {unknown}
 p - a scroll of amnesia {unknown}
 q - a scroll of enchant weapon {unknown}
Potions
 e - a potion of degeneration
 r - a potion of agility {unknown}
 w - a potion of mutation {unknown}
 z - a potion of cancellation {unknown}
Books
 b - a book of Conjurations

   Spells                             Type                      Level
   a - Magic Dart                     Conjuration                  1
   b - Searing Ray                    Conjuration                  2
   c - Dazzling Spray                 Conjuration/Hexes            3
   d - Fulminant Prism                Conjuration/Hexes            4
   e - Iskenderun's Mystic Blast      Conjuration                  4
   f - Iskenderun's Battlesphere      Conjuration/Charms           5
Comestibles
 c - 3 bread rations
 h - 2 beef jerkies
 i - 4 meat rations
 u - 3 fruits


   Skills:
 - Level 2.4 Dodging
 - Level 2.4 Stealth
 + Level 5.6 Spellcasting
 * Level 7.6 Conjurations
 + Level 3.1 Charms


You had 3 spell levels left.
You knew the following spells:

 Your Spells              Type           Power        Failure   Level  Hunger
a - Magic Dart            Conj           ####         1%          1    None
b - Dazzling Spray        Conj/Hex       ###...       10%         3    ##.....
c - Iskenderun's Mystic   Conj           ####....     8%          4    ####...
d - Iskenderun's Battles  Conj/Chrm      ###.....     45%         5    ######.


Dungeon Overview and Level Annotations

Branches:
Dungeon (5/15)
 Temple: D:4-7

Altars:
Elyvilon
Qazlal

Annotations:
D:4 Eustachio


Message History

Drink which item? (? fer menu, 'sc ta quit) It was a potion o' degeneration.
Thar was somethin' very wrong wit tha liquid.
Ye feel weaken'd.
Ye feel dopey.
Ye feel clumsy.
Tha spriggan closely misses ye.
Drink which item? (? fer menu, 'sc ta quit) It was a potion o' lignification.
Ye turn inta a tree.
Yer +2 cloak o' magic resistance melds inta yer body.
Tha +1 pair o' gloves o' Monuthaism {Int+4} melds inta yer body.
Yer +0 robe melds inta yer body.
Ye feel less resistant ta hostile enchantmn'ts.
Yer roots penetrate tha ground.
* * * LOW HITPOINT WARNIN'
* * * Ye feel sick.
Tha spriggan be nay longer blind.
Tha spriggan hits ye but does nay damage.
Ye be more poison'd.
Drink which item? (? fer menu, 'sc ta quit) It was a potion o' invisibility.
Ye fade inta invisibility!
Ye die...

#.# ♣♣...♣♣
..... #.#
♣.)...♣
####....##.#
♣.).♣....♣
........##.#
♣.♣♣♣ ♣♣♣
........##.#
♣.♣
........##.#
♣.♣♣
...#....##.#
♣..♣
........##.#
♣♣i♣
...........#
♣♣♣♣
........##.#
♣.♣♣
........##.#
♣♣.♣♣
........##.##
♣♣.♣
........##..#
♣.♣
........###.#
♣.♣ ...####.#
#.# ♣.♣ ..?
#.# #.## ♣.♣
## #.# #..#
♣.♣♣


You could see a spriggan.

Vanquished Creatures
  A spriggan (D:5)
  A centaur (D:5)
  A hound (D:4)
  Crazy Yiuf (D:2)
  2 orc wizards
  6 adders
  2 oozes (D:1)
  2 worms
  2 dart slugs
  2 giant geckos
  4 orcs
  6 giant cockroaches
  5 goblins
  2 hobgoblins
  5 kobolds
  A quokka (D:2)
  9 bats
  4 giant newts
  4 rats
60 creatures vanquished.

Notes
Turn   | Place    | Note
--------------------------------------------------------------
     0 | D:1      | Heedrag the Deep Elf Conjurer began the quest for the Orb.
     0 | D:1      | Reached XP level 1. HP: 10/10 MP: 6/6
   190 | D:1      | Reached XP level 2. HP: 15/15 MP: 2/8
   373 | D:1      | Reached skill level 5 in Conjurations
   625 | D:2      | Reached XP level 3. HP: 19/19 MP: 6/10
   729 | D:2      | Learned a level 3 spell: Dazzling Spray
  1008 | D:2      | Reached XP level 4. HP: 24/24 MP: 6/12
  1112 | D:2      | Noticed Crazy Yiuf
  1191 | D:2      | Killed Crazy Yiuf
  1240 | D:2      | Learned a level 4 spell: Iskenderun's Mystic Blast
  1319 | D:2      | Reached skill level 6 in Conjurations
  1324 | D:2      | Found a stormy altar of Qazlal.
  1324 | D:2      | Found a white marble altar of Elyvilon.
  1842 | D:3      | Reached XP level 5. HP: 26/28 MP: 7/14
  1986 | D:3      | Learned a level 5 spell: Iskenderun's Battlesphere
  2468 | D:4      | Noticed Eustachio
  2508 | D:4      | Reached skill level 5 in Spellcasting
  2681 | D:4      | Got a pair of fine gloves
  2685 | D:4      | Identified the +1 pair of gloves of Monotheism {Int+4} (You found it on level 4 of the Dungeon)
  2915 | D:4      | Reached skill level 1 in Charms
  2961 | D:5      | Entered Level 5 of the Dungeon
  3056 | D:5      | Noticed a centaur
  3063 | D:5      | Noticed a spriggan
  3063 | D:5      | Killed a centaur
  3063 | D:5      | Reached skill level 7 in Conjurations
  3063 | D:5      | Reached XP level 6. HP: 32/32 MP: 9/15
  3069 | D:5      | Killed a spriggan
  3087 | D:5      | Noticed a spriggan
  3091 | D:5      | HP: 1/32 [poisoned by a spriggan]
  3094 | D:5      | Succumbed to a spriggan's poison

Skill      XL: |  1  2  3  4  5  6 |
---------------+-------------------+-----
Conjurations   | 5 6 7 |  7.6
Spellcasting   | 4 5 |  5.6
Charms         | 2 3 |  3.1
Dodging        | |  2.4
Stealth        | |  2.4

Action                   |  1- 3 |  4- 6 || total
-------------------------+-------+-------++-------
Melee: Club              |       |     1 ||     1
 Cast: Magic Dart        |    61 |   101 ||   162
       Dazzling Spray    |       |    10 ||    10
  Use: Scroll            |       |     1 ||     1
       Potion            |       |     3 ||     3
  Eat: Chunk             |       |     5 ||     5
       Beef jerky        |       |     1 ||     1
Armor: Robe              |       |    11 ||    11
       Skin              |       |     1 ||     1
Dodge: Dodged            |     4 |    28 ||    32
